 Dungeon Crawl Stone Soup version 0.20.1-1-g8b1a95d (webtiles) character file.

116 vishdafish the Shield-Bearer (level 4, 0/27 HPs)
             Began as a Deep Elf Fighter on July 15, 2017.
             Slain by Grinder (3 damage)
             ... while paralysed by Grinder
             ... on level 3 of the Dungeon.
             The game lasted 00:03:14 (2528 turns).

vishdafish the Shield-Bearer (Deep Elf Fighter)     Turns: 2528, Time: 00:03:15

Health: 0/27       AC:  6    Str: 14    XL:     4   Next: 69%
Magic:  6/6        EV:  2    Int: 13    God:
Gold:   213        SH:  0    Dex: 14    Spells: 3/3 levels left

rFire    . . .     SeeInvis +   a - +0 rapier
rCold    . . .     Gourm    .   c - +0 shield
rNeg     . . .     Faith    .   b - +0 scale mail
rPois    .         Spirit   .   (no helmet)
rElec    .         Reflect  .   (no cloak)
rCorr    .         Harm     .   (no gloves)
MR       .....                  (no boots)
Stlth    +.........             (no amulet)
Regen    0.1/turn               r - ring of see invisible
MPRegen  0.1/turn               (no ring)

@: paralysed
A: no striking features
a: no special abilities


You were on level 3 of the Dungeon.
You were not hungry.

You visited 1 branch of the dungeon, and saw 3 of its levels.

You collected 213 gold pieces.

Inventory:

Hand Weapons
 a - a +0 rapier (weapon)
Armour
 b - a +0 scale mail (worn)
 c - a +0 shield (worn)
Jewellery
 r - a ring of see invisible (left hand)
Scrolls
 g - a scroll of teleportation {unknown}
 i - a scroll of random uselessness {unknown}
 k - a scroll of recharging {unknown}
 m - a scroll of magic mapping {unknown}
 p - a scroll of enchant armour {unknown}
 s - a scroll of remove curse {unknown}
 t - a scroll of fear {unknown}
 u - a scroll of identify {unknown}
Potions
 d - 2 potions of heal wounds
 e - 2 potions of invisibility {unknown}
 h - a potion of degeneration {unknown}
 l - 2 potions of curing {unknown}
 n - a potion of mutation {unknown}
 o - a potion of berserk rage {unknown}
 q - a potion of flight {unknown}
Comestibles
 f - 3 bread rations
 j - 4 fruits


   Skills:
 - Level 2.4 Fighting
 * Level 3.0 Short Blades
 - Level 2.4 Armour
 * Level 2.4 Dodging
 * Level 2.3 Stealth
 * Level 3.1 Shields


You had 3 spell levels left.
You didn't know any spells.

Dungeon Overview and Level Annotations

Branches:
Dungeon (3/15)

Altars:
Uskayaw

Annotations:
D:3 Grinder


Message History

Grinder barely misses you.
You puncture Grinder!
Grinder is lightly wounded.
Grinder hits you.
You writhe in agony.
You hit Grinder but do no damage.
Grinder is lightly wounded.
Grinder hits you.
You barely miss Grinder.
Grinder is lightly wounded.
Grinder gestures at you.
You suddenly lose the ability to move!
Grinder hits you!
You writhe in agony.
* * * LOW HITPOINT WARNING * * *
Grinder barely misses you. Grinder hits you.
* * * LOW HITPOINT WARNING * * *
You writhe in agony.
* * * LOW HITPOINT WARNING * * *
Grinder hits you.
You die...

+....) #.(... #..... .....
.... #.. #5## #####.@######
............>#
#######..###.# #####+###.#
#..(......# #.........#
##########.........########
#.........................#
#.#############.##.######.#


You could see Grinder.

Vanquished Creatures
  6 adders
  An ooze (D:3)
  3 dart slugs
  A leopard gecko (D:3)
  3 bats (D:1)
  A giant cockroach (D:1)
  9 goblins
  8 hobgoblins
  4 jackals (D:1)
  4 kobolds
  A ball python (D:1)
  4 frilled lizards (D:1)
  4 rats
49 creatures vanquished.

Notes
Turn   | Place    | Note
-------+----------+-------------------------------------------
     0 | D:1      | vishdafish the Deep Elf Fighter began the quest for the Orb.
     0 | D:1      | Reached XP level 1. HP: 13/13 MP: 3/3
     0 | D:1      | Noticed a spriggan
     1 | D:1      | Noticed a minotaur
     1 | D:1      | Noticed an elf
     3 | D:1      | Noticed an ogre
     3 | D:1      | Noticed a spriggan
     5 | D:1      | Noticed a minotaur
     6 | D:1      | Noticed a gargoyle
     7 | D:1      | Noticed a draconian
     8 | D:1      | Noticed a minotaur
    12 | D:1      | Noticed a human
    12 | D:1      | Noticed a felid
    13 | D:1      | Noticed a ghoul
    15 | D:1      | Noticed a formicid
    17 | D:1      | Noticed a ghoul
    17 | D:1      | Noticed a gargoyle
    17 | D:1      | Noticed a ghoul
    19 | D:1      | Noticed a dwarf
    19 | D:1      | Noticed an elf
    26 | D:1      | Noticed a formicid
   139 | D:1      | Reached XP level 2. HP: 18/18 MP: 4/4
   253 | D:1      | Reached skill level 1 in Stealth
   502 | D:1      | Reached skill level 1 in Dodging
   508 | D:1      | Reached XP level 3. HP: 5/22 MP: 5/5
  1401 | D:2      | Reached XP level 4. HP: 22/27 MP: 6/6
  2346 | D:3      | Noticed a hand axe
  2346 | D:3      | Noticed a dagger
  2349 | D:3      | Found a hide-covered altar of Uskayaw.
  2513 | D:3      | Noticed Grinder
  2515 | D:3      | Paralysed by Grinder for 5 turns
  2524 | D:3      | Paralysed by Grinder for 6 turns
  2528 | D:3      | Slain by Grinder

Skill      XL: |  1  2  3  4 |
---------------+-------------+-----
Stealth        | 1 2 |  2.3
Dodging        | 1 2 |  2.4
Shields        | 3 |  3.1
Short Blades   | 3 |  3.0
Fighting       | |  2.4
Armour         | |  2.4

Action                   |  1- 3 |  4- 6 || total
-------------------------+-------+-------++-------
Melee: Rapier            |    95 |    50 ||   145
  Use: Potion            |     1 |     1 ||     2
  Eat: Chunk             |     1 |     4 ||     5
Armor: Scale mail        |    27 |    19 ||    46
Dodge: Dodged            |    22 |    14 ||    36
Block: Shield            |    45 |     8 ||    53
